 Dungeon Sprint DCSS version 0.23-a0-319-gb40ba49 (webtiles) character file.

10 Conn321 the Firebug (level 2, -6/17 HPs)
             Began as an Octopode Fire Elementalist on Oct 14, 2018.
             Engulfed by a cloud of steam (19 damage)
             ... in the Dungeon (Sprint II: "The Violet Keep of Menkaure").
             The game lasted 00:00:35 (24 turns).

Conn321 the Firebug (Octopode Fire Elementalist)      Turns: 24, Time: 00:00:36

Health: -6/17      AC:  1    Str:  7    XL:     2   Next: 20%
Magic:  5/5        EV: 14    Int: 17    God:
Gold:   243        SH:  0    Dex: 12    Spells: 5/6 levels left

rFire    . . .     SeeInvis .   (no weapon)
rCold    . . .     Gourm    .   (no shield)
rNeg     . . .     Faith    .   (helmet restricted)
rPois    .         Spirit   .   (no amulet)
rElec    .         Reflect  .   (no ring)
rCorr    .         Harm     .   (no ring)
MR       .....     NoTele   +   (no ring)
Stlth    +++.......             (no ring)
HPRegen  0.05/turn              (no ring)
MPRegen  0.09/turn              (no ring)
                                (no ring)
                                (no ring)

@: berserk cooldown, slowed, very slow
A: almost no armour, stealthy swim, amphibious, 8 rings, constrict 8, camouflage
1, gelatinous body 1
a: no special abilities


You were in the Dungeon.
You were not hungry.

You visited 1 branch You collected 243 gold pieces.

Inventory:

Scrolls
 h - a scroll of blinking
Potions
 c - a potion of curing
 d - a potion of heal wounds
 e - a potion of haste
 f - 2 potions of magic
Comestibles
 a - 3 chunks of flesh
 b - a ration


   Skills:
 + Level 2.6 Dodging
 + Level 3.2 Stealth
 + Level 0.3 Unarmed Combat
 + Level 2.5 Spellcasting
 + Level 1.0 Conjurations
 + Level 4.3 Fire Magic


You had 5 spell levels left.
You knew the following spells:

 Your Spells              Type           Power        Failure   Level  Hunger
a - Flame Tongue          Conj/Fire      ##...        6%          1    #......

Your spell library contained the following spells:

 Spells                   Type           Power        Failure   Level  Hunger
 Throw Flame              Conj/Fire      ##....       10%         2    ##.....
 Conjure Flame            Conj/Fire      ##......     19%         3    ###....
 Inner Flame              Hex/Fire       #.......     22%         3    ###....
 Sticky Flame             Conj/Fire      ##......     52%         4    #####..
 Fireball                 Conj/Fire      ##........   86%         5    ######.


Dungeon Overview and Level Annotations

Branches:
Dungeon (1/1)

Altars:
Gozag
Makhleb
Nemelex Xobeh
Okawaru
Trog
Uskayaw
Vehumet
Yredelemnul
Zin


Innate Abilities, Weirdness & Mutations

You cannot wear most types of armour.
You are very stealthy in the water. (Stealth+)
You are amphibious.
You can wear up to eight rings at the same time.
You can use your tentacles to constrict eight enemies at once.
Your skin changes colour to match your surroundings (Stealth+).
Your rubbery body absorbs attacks. (AC +1, EV +1)


Message History

The worm bites you!
You tentacle-slap the worm. You squeeze the worm.
You kill the worm!
Found 243 gold pieces.
You see here a worm corpse.
You butcher the worm corpse.
You feel a strong urge to attack something.
a - 3 chunks of flesh You are no longer berserk.
You are exhausted.
You feel yourself slow down.
You now have 243 gold pieces.
You open the door.
There is an open door here.
Found three altars.
A crocodile comes into view.
Found a sparkling altar of Nemelex Xobeh and a hide-covered altar of Uskayaw.
You are engulfed in a cloud of scalding steam.
Ouch! That really hurt!
You die...

t. .#### ...#
###..## #+###.##..#
##.##...#..#
+.<.'##.'..### #
##.##.###....###...#
#+# #.##..§@..≈≈≈≈≈
##≈≈..§..≈#+##
#≈≈§≈≈≈§§.≈#_._
#§≈≈§§§≈≈.≈#._.
#≈§≈§§≈§≈≈≈≈#_._
≈≈≈≈≈§§§§§§≈≈#._.
+++#≈≈§§§≈≈§§#_._
#._.


There were no monsters in sight!

Vanquished Creatures
  3 worms (D)
3 creatures vanquished.

Notes
Turn   | Place    | Note
-------+----------+-------------------------------------------
     0 | D        | Conn321 the Octopode Fire Elementalist began the quest for
                  | the Orb.
     0 | D        | Reached XP level 1. HP: 11/11 MP: 3/3
     8 | D        | Reached skill level 4 in Fire Magic
     8 | D        | Reached XP level 2. HP: 17/17 MP: 5/5
    22 | D        | Found an iron altar of Okawaru.
    22 | D        | Found a radiant altar of Vehumet.
    22 | D        | Found a glowing silver altar of Zin.
    23 | D        | Found a sparkling altar of Nemelex Xobeh.
    23 | D        | Found a hide-covered altar of Uskayaw.
    23 | D        | Noticed a crocodile
    24 | D        | Found an opulent altar of Gozag.
    24 | D        | Found a burning altar of Makhleb.
    24 | D        | Found a bloodstained altar of Trog.
    24 | D        | Found a basalt altar of Yredelemnul.
    24 | D        | Engulfed by a cloud of steam

Vault maps used:
D:        the_violet_keep_of_menkaure

Skill      XL: |  1 |
---------------+----+-----
Stealth        | 3 |  3.2
Fire Magic     | 4 |  4.3
Dodging        | |  2.6
Unarmed Combat | |  0.3
Spellcasting   | |  2.5
Conjurations   | |  1.0

Action                   || total
-------------------------++-------
Melee: Unarmed           ||     8
       Constrict         ||     3
       Tentacles         ||     3
  Use: Potion            ||     1
Dodge: Dodged            ||     2

Table legend:
 A = Non-vault XP
 B = Vault XP
 C = Vault XP percentage of total XP
 D = Non-vault monster count
 E = Vault monster count
 F = Vault count percentage of total count
                 A         B        C        D         E       F
            +---------+---------+-------+---------+---------+-------
      Total |       0 |      15 | 100.0 |       0 |       3 | 100.0
            +---------+---------+-------+---------+---------+-------
          D |       0 |      15 | 100.0 |       0 |       3 | 100.0
            +---------+---------+-------+---------+---------+-------
